 Dungeon Crawl Stone Soup version 0.29.1-2-gbd0b4ee654 (webtiles) character file.

Game seed: 17174320445922391090

6 GorkyZ the Chopper (level 1, -4/12 HPs)
             Began as a Gargoyle Gladiator on Nov 30, 2022.
             Slain by a gnoll
             ... wielding a +2 whip of venom
              (10 damage)
             ... on level 1 of the Dungeon.
             The game lasted 00:00:29 (67 turns).

GorkyZ the Chopper (Gargoyle Gladiator)               Turns: 67, Time: 00:00:30

Health: -4/12      AC:  8    Str: 17    XL:     1   Next: 90%
Magic:  1/1        EV: 11    Int:  8    God:
Gold:   12         SH:  0    Dex: 11    Spells: 0/0 levels left

rFire   . . .      SeeInvis .   a - +0 war axe
rCold   . . .      Faith    .   (no shield)
rNeg    + . .      Spirit   .   f - +0 ring mail
rPois   ∞          Reflect  .   c - +0 helmet
rElec   +          Harm     .   (no cloak)
rCorr   .          Rampage  .   (no gloves)
Will    .....                   (no boots)
Stlth   +.........              (no amulet)
HPRegen 0.04/turn               (no ring)
MPRegen 0.07/turn               (no ring)

@: no status effects
A: sickness immunity, AC +2, negative energy resistance 1, electricity
resistance, torment resistance 1, petrification resistance
a: no special abilities


You were on level 1 of the Dungeon.
You visited 1 branch of the dungeon, and saw 1 of its levels.

You collected 12 gold pieces.

Inventory:

Hand Weapons
 a - a +0 war axe (weapon)
Missiles
 d - 3 throwing nets (quivered)
 e - a javelin
Armour
 b - a +0 leather armour
 c - a +0 helmet (worn)
 f - a +0 ring mail (worn)


   Skills:
 + Level 2.3 Fighting
 + Level 2.7 Axes
 + Level 1.9 Throwing
 + Level 0.2 Armour
 + Level 2.4 Dodging
 + Level 0.3 Shields
 + Level 0.2 Evocations


You couldn't memorise any spells.
You didn't know any spells.
Your spell library was empty.

Dungeon Overview and Level Annotations

Branches:
Dungeon (1/15)

Altars:


Innate Abilities, Weirdness & Mutations

You are immune to sickness and miasma.
Your stone body is resilient. (AC +2)
You are immune to poison.
You resist negative energy. (rN+)
You are resistant to electric shocks. (rElec)
You are resistant to unholy torment.
You are immune to petrification.


Message History

A hobgoblin and a giant cockroach come into view.
Found 10 gold pieces.
The hobgoblin shouts!
A bat comes into view.
The hobgoblin barely misses you. The giant cockroach misses you.
You barely miss the giant cockroach. You barely miss the hobgoblin.
You closely miss the bat. The bat closely misses you.
The giant cockroach misses you. The hobgoblin hits you.
A gnoll comes into view. It is wielding a +2 whip of venom.
You barely miss the giant cockroach. You barely miss the hobgoblin.
The gnoll shouts!
The bat barely misses you.
The giant cockroach bites you but does no damage.
The hobgoblin barely misses you.
The giant cockroach bites you but does no damage.
You slash the giant cockroach!
You kill the giant cockroach!
You barely miss the hobgoblin. You miss the bat. The bat closely misses you.
The hobgoblin closely misses you. The hobgoblin misses you.
The hobgoblin barely misses you.
You slash the hobgoblin!
You kill the hobgoblin!
You hit the hobgoblin.
You kill the hobgoblin!
The bat completely misses you. The bat hits you. The bat closely misses you.
You miss the bat. The bat hits you but does no damage.
You barely miss the gnoll. The bat hits you but does no damage.
The gnoll hits you but does no damage.
You barely miss the gnoll. The bat hits you but does no damage.
The gnoll barely misses you.
You slash the gnoll!
The gnoll is heavily wounded.
The bat hits you but does no damage. The gnoll hits you but does no damage.
The gnoll hits you with a +2 whip of venom.
You hit the gnoll.
The gnoll is severely wounded.
The bat hits you. The bat closely misses you.
The gnoll hits you with a +2 whip of venom!
Ouch! That really hurt!
You die...

#.........#
#.......$.#
#.....?...#
#.........##
#.......... #.......#
.# #..bg.# ...####@#
##....#.# .#
.......!## .#
.$.......# .#
.........## .#
..........##.# #
.....#..#..#.######.#
....................
#.......###.##......


You could see a gnoll and a bat.

Vanquished Creatures
  A giant cockroach (D:1)
  A goblin (D:1)
  2 hobgoblins (D:1)
  A frilled lizard (D:1)
5 creatures vanquished.

Notes
Turn   | Place    | Note
-------+----------+-------------------------------------------
     0 | D:1      | GorkyZ the Gargoyle Gladiator began the quest for the Orb.
     0 | D:1      | Reached XP level 1. HP: 12/12 MP: 1/1
    67 | D:1      | Slain by a gnoll

Illustrated notes

Levels and vault maps discovered:
D:1:      wander_arrival_desolate, layout_rooms, serial_shops, shop,
          minmay_heptomino_h4

Action                   || total
-------------------------++-------
Melee: War axe           ||    15
Armor: Ring mail         ||     8
       Leather armour    ||     2
Dodge: Dodged            ||    16
